 Dungeon Crawl Stone Soup version 0.21.0-37-g46506fa5f3 (webtiles) character file.

131056 Gargoyl the Corrupter of Planes (level 16, -8/136 HPs)
             Began as a Centaur Abyssal Knight on Jan 30, 2018.
             Was the Champion of Lugonu.
             Mangled by a battleaxe of electrocution (11 damage)
             ... on level 2 of the Elven Halls on Feb 1, 2018.
             The game lasted 01:18:12 (29357 turns).

Gargoyl the Corrupter of Planes (CeAK)             Turns: 29357, Time: 01:18:13

Health: -8/136     AC: 23    Str: 28    XL:     16   Next: 54%
Magic:  26/26      EV:  8    Int:  7    God:    Lugonu [******]
Gold:   1739       SH: 20    Dex: 15    Spells: 15/15 levels left

rFire    + . .     SeeInvis .   G - +6 hand axe "Cit Loc" {flame, rPois rC+++ Int-4 Stlth+}
rCold    + + +     Gourm    .   D - +5 shield
rNeg     + . .     Faith    .   x - +6 scale mail of Honour {MR+ Regen+ Str+5 Slay+3}
rPois    +         Spirit   .   W - +0 helmet "Yxtanarr" {rN+ Regen+ Str+3}
rElec    .         Reflect  +   F - +2 cloak
rCorr    .         Harm     .   z - +2 pair of gloves
MR       +++..                  (no barding)
Stlth    +.........             y - +3 amulet of reflection
HPRegen  1.12/turn              M - ring of protection from magic
MPRegen  0.20/turn              a - ring of protection from fire

@: very quick
A: large, hooves 3, thin skeletal structure 1, deformed body, speed 2, screaming
1, shaggy fur 1, strong 1, tough skin 3
a: Depart the Abyss, Bend Space, Banish, Corrupt, Enter the Abyss, Brand Weapon
With Distortion, Renounce Religion


You were on level 2 of the Elven Halls.
You worshipped Lugonu.
Lugonu was exalted by your worship.
You were hungry.

You visited 4 branches of the dungeon, and saw 25 of its levels.
You visited the Abyss 1 time.
You also visited: Labyrinth and Volcano.

You collected 2391 gold pieces.
You spent 652 gold pieces at shops.

Inventory:

Hand Weapons
 d - a +4 triple sword of flaming
 G - the +6 hand axe "Cit Loc" (weapon) {flame, rPois rC+++ Int-4 Stlth+}
   (You found it in a labyrinth)

   It has been specially enchanted to burn those struck by it, causing extra
   injury to most foes and up to half again as much damage against particularly
   susceptible opponents.
   Big, fiery blades are also staple armaments of hydra-hunters.
   It affects your intelligence (-4).
   It renders you almost immune to cold.
   It protects you from poison.
   It makes you more stealthy.
 I - the +5 flail of Perfectionism {elec, rPois rF+}
   (You found it on level 8 of the Dungeon)

   Occasionally, upon striking a foe, it will discharge some electrical energy
   and cause terrible harm.
   It protects you from fire.
   It protects you from poison.
Missiles
 w - 5 javelins (quivered)
Armour
 x - the +6 scale mail of Honour (worn) {MR+ Regen+ Str+5 Slay+3}
   (You found it on level 6 of the Dungeon)

   It affects your strength (+5).
   It affects your accuracy and damage with ranged weapons and melee attacks
   (+3).
   It affects your resistance to hostile enchantments.
   It increases your rate of regeneration.
 z - a +2 pair of gloves (worn)
 D - a +5 shield (worn)
 F - a +2 cloak (worn)
 W - the +0 helmet "Yxtanarr" (worn) {rN+ Regen+ Str+3}
   (You found it in a volcano)

   It affects your strength (+3).
   It protects you from negative energy.
   It increases your rate of regeneration.
Jewellery
 a - a ring of protection from fire (right hand)
 u - an uncursed amulet of rage
 y - a +3 amulet of reflection (around neck)
 A - an uncursed ring of see invisible
 H - an uncursed ring of protection from magic
 M - a ring of protection from magic (left hand)
Wands
 b - a wand of flame (40)
 n - a wand of iceblast (17)
 o - a wand of paralysis (13)
 J - a wand of scattershot (6)
Scrolls
 f - 7 scrolls of remove curse
 g - a scroll of enchant armour
 h - a scroll of amnesia
 j - 2 scrolls of magic mapping
 l - 6 scrolls of teleportation
 r - a scroll of summoning
 v - 3 scrolls of identify
 K - a scroll of blinking
 L - 3 scrolls of fog
 Y - 3 scrolls of fear
Potions
 e - 4 potions of agility
 i - a potion of invisibility
 k - 2 potions of ambrosia
 m - a potion of magic
 p - 2 potions of resistance
 q - 4 potions of flight
 s - 7 potions of curing
 B - 2 potions of might
 C - 3 potions of berserk rage
 E - 2 potions of brilliance
 O - a potion of cancellation
 P - a potion of mutation
Comestibles
 c - 49 rations


   Skills:
 + Level 10.7 Fighting
 + Level 8.4 Long Blades
 + Level 7.1(10.3) Axes
 + Level 11.6(12.3) Maces & Flails
 * Level 13.6 Throwing
 + Level 9.0 Armour
 - Level 0.6 Dodging
 + Level 7.6 Shields
 * Level 13.7 Invocations


You had 15 spell levels left.
You didn't know any spells.

Dungeon Overview and Level Annotations

Branches:
Dungeon (15/15)            Temple (0/1) D:7            Lair (6/6) D:10
 Shoals (0/4) Lair:3        Snake (0/4) Lair:4        Slime (0/5) Lair:5
    Orc (2/2) D:12            Elf (2/3) Orc:2        Vaults (0/5) D:13
 Depths (0/5) D:15

Altars:
Elyvilon
Nemelex Xobeh
Sif Muna
Wu Jian
The Shining One
Beogh

Shops:
D:6 [   Orc:2 *[(=


Innate Abilities, Weirdness & Mutations

You have hooves in place of feet.
Armour fits poorly on your strangely shaped body.
You cover ground very quickly.
You have extremely tough skin. (AC +3)
You have a somewhat thin skeletal structure. (Dex +2, Stealth)
You occasionally shout uncontrollably at your foes.
You are covered in fur. (AC +1)
Your muscles are strong. (Str +2)


Message History

You are electrocuted!
The dire flail of pain hits you!
You closely miss the dire flail of pain.
You kick the dire flail of pain.
The dire flail of pain is heavily damaged.
You barely miss the battleaxe of electrocution.
The dire flail of pain hits you.
The battleaxe of electrocution hits you!!
* * * LOW HITPOINT WARNING * * *
You are electrocuted!
* * * LOW HITPOINT WARNING * * *
You miss the dire flail of pain.
Your kick misses the dire flail of pain.
The dire flail of pain is heavily damaged.
You miss the battleaxe of electrocution.
You block the dire flail of pain's attack.
Unknown command.
The battleaxe of electrocution hits you!
* * * LOW HITPOINT WARNING * * *
You are electrocuted!
You die...

######.#.#....## ##...##..)....(#
.##............###.... #..#.....(
#.#.#####...#...#...#..#..#.....(
##.## ##.###.....###.#.........
##.# #..#.......#............ .#
##.....#.....#.......... .#
#...........#.>...<.... ##
#..###.###..##.........
####.#@#.#####......... ##('(##
########## #...##### .''#)'...#
....###.....# ...... .......
...... ....... ...... .......
..... ......#


You could see 2 dancing weapons.

Vanquished Creatures
  Rupert (Lair:5)
  An orc warlord (Orc:2)
  A stone giant (Orc:2)
  A deep elf demonologist (Elf:2)
  2 deep elf death magi (Elf:2)
  A fire dragon (Volcano)
  A minotaur (Lab)
  Josephine (Lair:5)
  9 hydras
  8 vault guards (D:13)
  The ghost of DildoBatman the Jinx, a journeyman FoEn of Sif Muna (D:10)
  2 centaur warriors (D:14)
  Erica (D:9)
  13 two-headed ogres
  12 dancing weapons
  A death yak (Lair:2)
  A vampire mage (D:14)
  5 orc high priests
  Sonja (D:10)
  6 deep elf knights
  3 unseen horrors
  A sea snake (shapeshifter) (D:13)
  A wizard (D:12)
  Pikel (D:7)
  14 deep elf archers
  A lindwurm (Volcano)
  4 orc knights
  A wolf spider zombie (D:13)
  A necromancer (D:14)
  2 ugly things
  3 orc sorcerers
  37 deep elf magi
  A manticore (Lair:3)
  2 stone giant zombies (D:15)
  A fire giant skeleton (D:15)
  4 black mambas
  7 spiny frogs
  A gargoyle (D:12)
  3 kobold demonologists
  2 torpor snails
  2 rime drakes (Lair:6)
  8 komodo dragons
  A freezing wraith (D:14)
  A guardian mummy (D:14)
  The ghost of Gargoyl the Skirmisher, an amateur GnAK of Lugonu (D:4)
  10 polar bears (Lair:6)
  Prince Ribbit (D:9)
  7 trolls
  2 hornets (D:13)
  22 blink frogs
  A wind drake (shapeshifter) (Elf:1)
  6 slime creatures
  14 hippogriffs
  2 meliai zombies
  5 dream sheep (Lair:5)
  An ettin skeleton (D:15)
  2 shadows
  Sigmund (D:2)
  2 air elementals (Elf:1)
  2 wyverns
  2 water elementals
  A tarantella (shapeshifter) (Elf:1)
  3 fire elementals (Elf:1)
  19 yaks
  Eustachio (D:4)
  8 wraiths
  5 basilisks
  A human (D:8)
  2 hungry ghosts
  3 hogs (D:8)
  3 steam dragons
  3 nagas
  9 vampire mosquitoes
  8 wargs
  2 acid dragons
  9 water moccasins
  17 hell hounds
  6 porcupines
  6 sky beasts
  A hornet zombie (D:15)
  12 black bears
  26 orc warriors
  3 eyes of draining
  6 ice beasts
  A necrophage (D:10)
  13 wolves (Lair:6)
  12 ogres
  8 centaurs
  15 crocodiles
  4 big kobolds
  19 bullfrogs
  A gnoll sergeant (D:6)
  2 earth elementals (Elf:1)
  3 scorpions
  A wyvern skeleton (D:13)
  A water moccasin skeleton (D:12)
  14 killer bees
  3 wights (D:12)
  6 electric eels
  3 howler monkeys
  12 crimson imps
  2 centaur zombies
  A quasit (D:15)
  9 orc priests
  7 hounds
  6 jellies
  3 centaur skeletons
  Crazy Yiuf (D:7)
  3 bullfrog skeletons
  26 orc wizards
  3 iguanas
  10 worker ants
  Ijyb (D:4)
  A hound zombie (D:2)
  3 hound skeletons
  8 gnolls
  A howler monkey skeleton (D:6)
  16 adders
  3 shadow imps
  2 oozes
  2 adder skeletons (D:4)
  2 worms
  2 dart slugs
  5 leopard geckos
  42 orcs
  2 ball pythons
  6 bats
  5 giant cockroaches
  5 hobgoblins
  12 jackals
  2 quokkas
  7 frilled lizards
  3 goblins
  12 kobolds
  A quokka skeleton (D:4)
  3 rats
  6 fungi
  2 plants
749 creatures vanquished.

Vanquished Creatures (collateral kills)
  A deep elf sorcerer (Elf:2)
1 creature vanquished.

Vanquished Creatures (others)
  A centaur warrior (D:15)
  A two-headed ogre (D:9)
  2 deep elf knights (Elf:1)
  A skeletal warrior (D:14)
  An orc knight (Orc:1)
  2 deep elf archers
  A sky beast (D:9)
  A centaur (D:15)
  A bush (Lair:6)
  14 fungi
  15 plants
40 creatures vanquished.

Grand Total: 790 creatures vanquished

Notes
Turn   | Place    | Note
-------+----------+-------------------------------------------
     0 | Abyss:1  | Gargoyl the Centaur Abyssal Knight began the quest for the Orb.
     0 | Abyss:1  | Reached XP level 1. HP: 19/19 MP: 2/2
    40 | Abyss:3  | Noticed a large abomination
    71 | Abyss:3  | Noticed a chaos spawn
    72 | Abyss:3  | Noticed a neqoxec
    73 | D:1      | Escaped the Abyss
   250 | D:1      | Reached * piety under Lugonu
   250 | D:1      | Reached XP level 2. HP: 24/26 MP: 0/3
  1274 | D:2      | Reached XP level 3. HP: 26/31 MP: 4/4
  1667 | D:2      | Noticed Sigmund
  1683 | D:2      | Killed Sigmund
  1683 | D:2      | Reached XP level 4. HP: 17/40 MP: 4/6
  1683 | D:2      | Reached XP level 5. HP: 20/46 MP: 4/7
  2395 | D:2      | HP: 1/46 [adder (3)]
  2672 | D:3      | Reached XP level 6. HP: 34/52 MP: 8/8
  3963 | D:3      | Found a sparkling altar of Nemelex Xobeh.
  4089 | D:4      | Reached ** piety under Lugonu
  4326 | D:4      | Noticed Ijyb
  4346 | D:4      | Killed Ijyb
  4374 | D:4      | Reached XP level 7. HP: 58/58 MP: 9/9
  4461 | D:4      | Got a fine ring mail
  4467 | D:4      | Noticed Gargoyl's ghost (amateur GnAK)
  4500 | D:3      | Identified the +4 ring mail of Atigos {Int+9} (You found it on level 4 of the Dungeon)
  4515 | D:4      | Killed Gargoyl's ghost
  5282 | D:4      | Noticed Eustachio
  5312 | D:4      | Killed Eustachio
  5312 | D:4      | Reached XP level 8. HP: 43/67 MP: 11/11
  5551 | D:5      | Entered Level 5 of the Dungeon
  6099 | D:5      | Reached skill level 5 in Long Blades
  6099 | D:5      | Reached skill level 5 in Invocations
  6426 | D:5      | Upgraded the game from 0.21.0-36-ge3e1d5aaab to 0.21.0-37-g46506fa5f3
  6997 | D:6      | Got a brightly glowing scale mail
  7008 | D:6      | Identified the +6 scale mail of Honour {MR+ Regen+ Str+5 Slay+3} (You found it on level 6 of the Dungeon)
  7079 | D:6      | Reached skill level 5 in Throwing
  7290 | D:6      | Reached XP level 9. HP: 73/73 MP: 13/13
  7315 | D:6      | Reached skill level 5 in Fighting
  7322 | D:6      | Reached *** piety under Lugonu
  7450 | D:6      | Found Oxeelewile's Antique Armour Shoppe.
  8026 | D:7      | You fall through a shaft for 2 floors!
  8030 | D:9      | Noticed a two-headed ogre
  8041 | D:9      | Banished a two-headed ogre
  8266 | D:7      | Found a runed door.
  8434 | D:7      | Found a staircase to the Ecumenical Temple.
  8468 | D:7      | Reached skill level 1 in Shields
  8822 | D:7      | Noticed Pikel
  8837 | D:7      | Killed Pikel
  8874 | D:7      | Reached XP level 10. HP: 81/81 MP: 15/15
  8880 | D:7      | Found a white marble altar of Elyvilon.
  9090 | D:7      | Noticed Crazy Yiuf
  9094 | D:7      | Killed Crazy Yiuf
  9311 | D:8      | Got a crystal flail
  9322 | D:8      | Identified the +5 flail of Perfectionism {elec, rPois rF+} (You found it on level 8 of the Dungeon)
  9789 | D:8      | Reached skill level 1 in Maces & Flails
 10193 | D:8      | Found a deep blue altar of Sif Muna.
 10374 | D:9      | Noticed Erica
 10386 | D:9      | Killed Erica
 10391 | D:9      | Reached **** piety under Lugonu
 10391 | D:9      | Reached skill level 5 in Armour
 10466 | D:9      | Noticed a two-headed ogre
 10480 | D:9      | Banished a two-headed ogre
 10664 | D:9      | Noticed a two-headed ogre
 10668 | D:9      | Killed a two-headed ogre
 10668 | D:9      | Reached XP level 11. HP: 80/89 MP: 17/17
 10764 | D:9      | Noticed a two-headed ogre
 10773 | D:9      | Killed a two-headed ogre
 10774 | D:9      | Noticed a two-headed ogre
 10783 | D:9      | Killed a two-headed ogre
 10951 | D:9      | Noticed Prince Ribbit
 10959 | D:9      | Killed Prince Ribbit
 11610 | D:10     | Entered Level 10 of the Dungeon
 11620 | D:10     | Found a staircase to the Lair.
 11724 | D:10     | Reached skill level 5 in Maces & Flails
 11899 | D:10     | Noticed Sonja
 11915 | D:10     | Killed Sonja
 12061 | D:10     | Noticed DildoBatman's ghost (journeyman FoEn)
 12097 | D:10     | Killed DildoBatman's ghost
 12651 | Lair:1   | Entered Level 1 of the Lair of Beasts
 12659 | Lair:1   | Noticed a seven-headed hydra
 12672 | Lair:1   | Killed a seven-headed hydra
 12685 | Lair:1   | Noticed a six-headed hydra
 12692 | Lair:1   | Killed a six-headed hydra
 13013 | Lair:1   | Reached XP level 12. HP: 100/100 MP: 19/19
 13928 | Lair:2   | Noticed a death yak
 14030 | Lair:2   | Killed a death yak
 14386 | Lair:2   | Found a dark tunnel.
 14396 | Lair:2   | Got an ancient chain mail
 14410 | Volcano  | Entered a volcano
 14451 | Volcano  | Identified the +6 chain mail of Eternal Vigilance {rN+ Int+2} (You found it on level 2 of the Lair of Beasts)
 14519 | Volcano  | Noticed a fire dragon
 14527 | Volcano  | Killed a fire dragon
 14532 | Volcano  | Got a faintly humming helmet
 14587 | Volcano  | Reached skill level 10 in Invocations
 14661 | Lair:2   | Identified the +0 helmet "Yxtanarr" {rN+ Regen+ Str+3} (You found it in a volcano)
 15278 | Lair:3   | Noticed a six-headed hydra
 15284 | Lair:3   | Killed a six-headed hydra
 15668 | Lair:3   | Found a staircase to the Shoals.
 15689 | Lair:3   | Reached ***** piety under Lugonu
 15689 | Lair:3   | Reached skill level 10 in Throwing
 15903 | Lair:4   | Found a labyrinth entrance.
 15912 | Lab      | Entered a labyrinth
 16224 | Lab      | Noticed a minotaur
 16231 | Lab      | Killed a minotaur
 16246 | Lab      | Got a steaming bronze ring
 16258 | Lab      | Got a scintillating pewter ring
 16259 | Lab      | Got a jewelled flail
 16259 | Lab      | Got a steaming hand axe
 16283 | Lair:4   | Identified the +6 flail of Bijegumu {flame, rElec} (You found it in a labyrinth)
 16284 | Lair:4   | Identified the +6 hand axe "Cit Loc" {flame, rPois rC+++ Int-4 Stlth+} (You found it in a labyrinth)
 16289 | Lair:4   | Identified the ring "Sysann" {Ice +Fly rPois rN+++ Str-2} (You found it in a labyrinth)
 16299 | Lair:4   | Identified the ring of Liakes {*Corrode rC+ Int+3 Dex+3} (You found it in a labyrinth)
 16564 | Lair:4   | Reached XP level 13. HP: 107/107 MP: 20/20
 16660 | Lair:4   | Found a staircase to the Snake Pit.
 17280 | Lair:5   | Found a staircase to the Slime Pits.
 17420 | Lair:5   | Noticed Rupert
 17435 | Lair:5   | Killed Rupert
 17586 | Lair:5   | Noticed Josephine
 17598 | Lair:5   | Killed Josephine
 17967 | Lair:6   | Entered Level 6 of the Lair of Beasts
 18992 | Lair:6   | Reached XP level 14. HP: 92/116 MP: 22/22
 19023 | Lair:6   | Reached ****** piety under Lugonu
 19046 | Lair:6   | Reached skill level 10 in Maces & Flails
 19205 | Lair:6   | Got a bound ruby amulet
 20249 | D:12     | Found a staircase to the Orcish Mines.
 20864 | D:12     | Identified the amulet "Foiw Ziceke" {Faith rF+ rC+ Str+4} (You found it on level 6 of the Lair of Beasts)
 21459 | D:13     | Found a gate to the Vaults.
 21497 | D:13     | Reached skill level 5 in Shields
 21855 | D:13     | Found a glowing golden altar of the Shining One.
 23024 | D:14     | Found a white marble altar of Elyvilon.
 23275 | D:15     | Entered Level 15 of the Dungeon
 23275 | D:15     | Found a staircase to the Depths.
 23602 | D:14     | Reached XP level 15. HP: 62/126 MP: 24/24
 24372 | D:15     | Reached skill level 10 in Fighting
 24472 | D:15     | Found an ornate altar of the Wu Jian Council.
 24692 | Orc:1    | Entered Level 1 of the Orcish Mines
 25203 | Orc:2    | Entered Level 2 of the Orcish Mines
 25203 | Orc:2    | Found a roughly hewn altar of Beogh.
 25207 | Orc:2    | Found Zesuikhi's Jewellery Emporium.
 25405 | Orc:2    | Noticed an orc warlord
 25615 | Orc:2    | Killed an orc warlord
 25828 | Orc:2    | Found Elievonga's Antique Weapon Emporium.
 25843 | Orc:2    | Found a staircase to the Elven Halls.
 25848 | Orc:2    | Found Emynnuli's Antique Armour Shoppe.
 26052 | Orc:2    | Found Vurenum's General Store.
 26069 | Orc:2    | HP: 6/126 [neqoxec[an orc high priest] (4)]
 26271 | Orc:2    | Bought a scroll of brand weapon for 220 gold pieces
 26271 | Orc:2    | Bought a scroll of blinking for 82 gold pieces
 26521 | Elf:1    | Entered Level 1 of the Elven Halls
 26925 | Elf:1    | Reached skill level 5 in Axes
 27132 | Elf:1    | HP: 5/127 [earth elemental (10)]
 27729 | Orc:2    | Bought an uncursed ring of protection from fire for 350 gold pieces
 28047 | Elf:2    | Reached XP level 16. HP: 113/135 MP: 25/25
 28655 | Elf:2    | Paralysed by a floating eye for 2 turns
 28655 | Elf:2    | Gained mutation: You are clumsy. (Dex -2) [a neqoxec]
 28867 | Elf:1    | Lost mutation: You are clumsy. (Dex -2) [potion of mutation]
 28867 | Elf:1    | Gained mutation: You have a somewhat thin skeletal structure. (Dex +2, Stealth) [potion of mutation]
 28867 | Elf:1    | Gained mutation: Your muscles are strong. (Str +2) [potion of mutation]
 28867 | Elf:1    | Gained mutation: You occasionally shout uncontrollably at your foes. [potion of mutation]
 28867 | Elf:1    | Gained mutation: You are covered in fur. (AC +1) [potion of mutation]
 29173 | Elf:2    | Found a runed gate.
 29173 | Elf:2    | Found a runed gate.
 29174 | Elf:2    | Found a runed gate.
 29357 | Elf:2    | HP: 3/136 [battleaxe of electrocution (16)]
 29357 | Elf:2    | Mangled by a battleaxe of electrocution

Skill      XL: |  1  2  3  4  5  6  7  8  9 10 11 12 13 14 15 16 |
---------------+-------------------------------------------------+-----
Long Blades    | 2 3 4 6 7 8 |  8.4
Throwing       | 2 3 5 6 7 9 10 11 12 13 | 13.6
Armour         | 2 3 4 5 6 7 8 9 |  9.0
Invocations    | 3 4 5 7 8 9 10 11 12 13 | 13.7
Fighting       | 4 5 6 7 8 9 10 | 10.7
Shields        | 1 2 3 4 5 6 7 |  7.6
Maces & Flails | 3 6 8 9 11 | 11.6
Axes           | 2 5 7 |  7.1
Dodging        | |  0.6

Action                   |  1- 3 |  4- 6 |  7- 9 | 10-12 | 13-15 | 16-18 || total
-------------------------+-------+-------+-------+-------+-------+-------++-------
Melee: Triple sword      |    60 |   145 |   234 |    26 |       |       ||   465
       Kick              |    11 |    26 |    53 |   160 |   520 |   100 ||   870
       Flail             |       |       |       |   483 |   905 |       ||  1388
       Hand axe          |       |       |       |       |   437 |   275 ||   712
Throw: Tomahawk          |       |       |     2 |    12 |    49 |       ||    63
Invok: Depart the Abyss  |     1 |       |       |       |       |       ||     1
       Banish            |       |       |     2 |     3 |     2 |     3 ||    10
       Bend Space        |       |       |       |       |     2 |     1 ||     3
Evoke: Wand              |       |       |       |     1 |     2 |       ||     3
  Use: Scroll            |     6 |     3 |     7 |    11 |    21 |     3 ||    51
       Potion            |     1 |     1 |     1 |     1 |     7 |     2 ||    13
 Stab: Distracted        |       |       |       |       |     1 |       ||     1
  Eat: Chunk             |     1 |     8 |    10 |    17 |    33 |     4 ||    73
       Ration            |       |       |     1 |     2 |       |       ||     3
Armor: Leather armour    |    12 |       |       |       |       |       ||    12
       Ring mail         |    30 |   137 |   131 |       |       |       ||   298
       Scale mail        |       |       |   106 |   293 |   683 |   110 ||  1192
Dodge: Dodged            |    50 |    96 |   173 |   195 |   387 |    53 ||   954
Block: Other             |     1 |    27 |    53 |    14 |       |       ||    95
       Reflection        |       |       |     3 |     5 |    39 |    40 ||    87
       Buckler           |       |       |       |   136 |   301 |       ||   437
       Shield            |       |       |       |       |   620 |   258 ||   878
       Rpst.: Triple sword |    10 |    34 |    56 |     2 |       |       ||   102
